 Dungeon Crawl Stone Soup version 0.26.1-10-gdfb7c7de75 (webtiles) character file.

Game seed: 4521305113267440857

4925 McIrco the Fighter (level 10, -7/72 HPs)
             Began as an Octopode Conjurer on Mar 30, 2021.
             Was an Initiate of Gozag.
             Mangled by a two-headed ogre
             ... wielding a +0 dire flail
              (21 damage)
             ... on level 9 of the Dungeon on Mar 31, 2021.
             The game lasted 00:49:30 (14282 turns).

McIrco the Fighter (Octopode Conjurer)             Turns: 14282, Time: 00:49:30

Health: -7/72      AC:  1    Str:  8    XL:     10   Next: 52%
Magic:  18/18      EV: 15    Int: 22    God:    Gozag
Gold:   824        SH:  0    Dex: 11    Spells: 12/19 levels left

rFire    . . .     SeeInvis .   a - +1 short sword (elec)
rCold    . . .     Faith    .   (no shield)
rNeg     . . .     Spirit   .   (helmet restricted)
rPois    .         Reflect  .   (no amulet)
rElec    .         Harm     .   (no ring)
rCorr    .         Rampage  .   (no ring)
Will     .....                  (no ring)
Stlth    +++.......             (no ring)
HPRegen  0.22/turn              (no ring)
MPRegen  0.16/turn              (no ring)
                                (no ring)
                                (no ring)

@: no status effects
A: almost no armour, stealthy swim, amphibious, 8 rings, constrict 8, camouflage
1, gelatinous body 1
a: Renounce Religion, Potion Petition, Call Merchant, Bribe Branch


You were on level 9 of the Dungeon.
You worshipped Gozag.
Gozag was pleased with you.
You visited 2 branches of the dungeon, and saw 10 of its levels.
You also visited: Sewer and Ossuary.

You collected 913 gold pieces.
You paid 89 gold pieces to Gozag.

Inventory:

Hand Weapons
 a - a +1 short sword of electrocution (weapon)
Jewellery
 x - a cursed amulet of inaccuracy {unknown}
Wands
 n - a wand of paralysis (11)
 q - a wand of flame (26)
 s - a wand of disintegration (25)
Scrolls
 b - 2 scrolls of fog
 c - 2 scrolls of identify
 e - 3 scrolls of teleportation
 f - 3 scrolls of remove curse
 h - 6 scrolls of amnesia {unknown}
 i - a scroll of fear
 m - a scroll of random uselessness {unknown}
 v - a scroll of magic mapping
Potions
 d - 3 potions of brilliance
 g - 8 potions of heal wounds
 j - 7 potions of curing
 k - 2 potions of might
 l - 2 potions of magic
 o - 5 potions of flight
 p - a potion of experience {unknown}
 r - 2 potions of mutation
 t - a potion of degeneration {unknown}
 u - 2 potions of haste {unknown}
 w - a potion of invisibility {unknown}


   Skills:
 - Level 8.0 Fighting
 - Level 5.0 Dodging
 - Level 4.0 Stealth
 + Level 5.3 Spellcasting
 - Level 8.0 Conjurations
 - Level 8.0 Hexes


You had 12 spell levels left.
You knew the following spells:

 Your Spells              Type           Power        Failure   Level
a - Magic Dart            Conj           100%         1%          1
b - Searing Ray           Conj           82%          1%          2
c - Fulminant Prism       Conj/Hex       20%          3%          4

Your spell library contained the following spells:

 Spells                   Type           Power        Failure   Level
 Corona                   Hex            45%          1%          1
 Confusing Touch          Hex            41%          1%          3
 Dazzling Flash           Conj/Hex       82%          1%          3
 Tukima's Dance           Hex            41%          1%          3
 Ensorcelled Hibernation  Hex/Ice        46%          2%          2
 Summon Guardian Golem    Hex/Summ       23%          5%          3
 Beastly Appendage        Tmut           10%          10%         1
 Summon Small Mammal      Summ           20%          10%         1
 Call Imp                 Summ           5%           14%         2
 Wereblood                Tmut           5%           14%         2
 Iskenderun's Mystic Bla  Conj/Tloc      23%          19%         4
 Call Canine Familiar     Summ           5%           28%         3
 Gell's Gravitas          Tloc           2%           28%         3
 Spider Form              Tmut/Pois      2%           28%         3
 Metabolic Englaciation   Hex/Ice        11%          45%         5
 Yara's Violent Unravell  Hex/Tmut       11%          45%         5
 Ice Form                 Ice/Tmut       5%           67%         4
 Petrify                  Tmut/Erth      5%           67%         4
 Summon Ice Beast         Ice/Summ       5%           67%         4
 Summon Lightning Spire   Summ/Air       5%           67%         4
 Blade Hands              Tmut           2%           95%         5


Dungeon Overview and Level Annotations

Branches:
Dungeon (9/15)             Temple (1/1) D:4            Lair (0/6) D:8
  Sewer (visited)         Ossuary (visited)
    Orc: D:9-12

Altars:
Ashenzari
Cheibriados
Dithmenos
Elyvilon
Fedhas
Gozag
Hepliaklqana
Kikubaaqudgha
Makhleb
Nemelex Xobeh
Okawaru
Qazlal
Ru
Sif Muna
Trog
Uskayaw
Vehumet
Wu Jian
Xom
Yredelemnul
Zin
The Shining One
Jiyva

Annotations:
D:4 1 runed translucent door, Crazy Yiuf


Innate Abilities, Weirdness & Mutations

You cannot wear most types of armour.
You are very stealthy in the water. (Stealth+)
You are amphibious.
You can wear up to eight rings at the same time.
You can use your tentacles to constrict eight enemies at once.
Your skin changes colour to match your surroundings (Stealth+).
Your rubbery body absorbs attacks. (AC +1, EV +1)


Message History

Found 10 gold pieces.
A gnoll comes into view. It is wielding a -2 club.
A gnoll comes into view. It is wielding a +0 spear.
The two-headed ogre shouts in stereo!
The gnoll shouts! x2; You hear a shout! x2
A gnoll sergeant comes into view. It is wielding a -1 spear.
A gnoll comes into view. It is wielding a +0 whip.
The two-headed ogre misses you. The two-headed ogre closely misses you.
A yak and a worker ant come into view.
Found a stone staircase leading up.
The worker ant bites you!
A bullfrog comes into view.
The worker ant closely misses you.
Found 15 stones.
There is a stone staircase leading up here.
The worker ant closely misses you.
The two-headed ogre hits you with a +0 dire flail!
* * * LOW HITPOINT WARNING * * *
The two-headed ogre hits you with a +0 giant spiked club!!
You die...
Your body crumbles into a pile of gold.

#.#####..##.#.#
#..<.........#
#
#######.g##$##
..
######.#....#
...
#g...g..###..#
F. #.#####.## .
#.#.Y.......
##.BO.........
#...@.....###.#
#..##.####### #
#.. #.# ... ..#
..Y ##.# ###
#.. #. .#


You could see a death yak, a two-headed ogre, a bullfrog (asleep), a worker ant
and a gnoll.

Vanquished Creatures
  A death yak (D:7)
  Pikel (D:4)
  A water moccasin (Sewer)
  A sky beast (D:7)
  2 ice beasts (D:8)
  An orc warrior (D:8)
  A black bear (D:7)
  6 phantoms
  An ogre (D:8)
  A centaur (D:4)
  4 lemures
  A big kobold (D:7)
  4 elf zombies (Ossuary)
  4 bullfrogs
  The ghost of poo4u the Scratcher, an amateur FeTm (D:5)
  A water moccasin zombie (D:8)
  6 scorpions
  4 killer bees (D:8)
  6 wights
  2 howler monkeys (D:8)
  3 centaur zombies
  3 quasits
  2 orc priests
  2 hounds
  2 human zombies (Ossuary)
  A gnoll shaman (D:7)
  A jelly (D:7)
  2 orc wizards
  A bullfrog skeleton (D:5)
  3 iguanas
  2 hell rats (D:8)
  4 worker ants
  Robin (D:4)
  A howler monkey zombie (D:8)
  3 mummies
  6 gnolls
  6 adders
  3 river rats
  4 white imps
  An ufetubus (D:6)
  An adder zombie (Ossuary)
  7 leopard geckos
  15 orcs
  A ball python (D:5)
  3 bats
  9 giant cockroaches
  15 goblins
  9 hobgoblins
  7 jackals
  5 quokkas
  5 frilled lizards
  A goblin zombie (Ossuary)
  11 hobgoblin zombies (Ossuary)
  10 kobolds
  9 kobold zombies (Ossuary)
  2 leopard gecko skeletons (D:4)
  6 orc zombies (Ossuary)
  11 rats
  A rat zombie (Ossuary)
  A fulminant prism (D:8)
229 creatures vanquished.

Vanquished Creatures (others)
  79 fulminant prisms
  2 fungi (D:4)
81 creatures vanquished.

Grand Total: 310 creatures vanquished

Notes
Turn   | Place    | Note
-------+----------+-------------------------------------------
     0 | D:1      | McIrco the Octopode Conjurer began the quest for the Orb.
     0 | D:1      | Reached XP level 1. HP: 11/11 MP: 3/3
   236 | D:1      | Reached XP level 2. HP: 17/17 MP: 0/5
  1171 | D:2      | Reached XP level 3. HP: 21/21 MP: 3/6
  1444 | D:2      | Found a faded altar of an unknown god.
  1522 | D:2      | Learned a level 2 spell: Searing Ray
  2240 | D:3      | Reached skill level 5 in Conjurations
  2240 | D:3      | Reached XP level 4. HP: 27/27 MP: 2/7
  2935 | D:4      | Found a sparkling altar of Nemelex Xobeh.
  2938 | D:3      | Noticed a bullfrog
  2943 | D:3      | Killed a bullfrog
  2944 | D:3      | Reached XP level 5. HP: 23/31 MP: 2/8
  2990 | D:4      | Noticed Pikel
  2990 | D:4      | Noticed a lemure
  2990 | D:4      | Noticed a lemure
  2990 | D:4      | Noticed a lemure
  2990 | D:4      | Noticed a lemure
  3000 | D:3      | Killed a lemure
  3084 | D:4      | Reached skill level 1 in Fighting
  3086 | D:4      | Found a sand-covered staircase.
  3145 | Ossuary  | Entered an ossuary
  3846 | Ossuary  | Reached XP level 6. HP: 25/42 MP: 0/9
  4089 | Ossuary  | Reached XP level 7. HP: 42/49 MP: 10/10
  4101 | Ossuary  | Reached skill level 5 in Fighting
  4106 | Ossuary  | Learned a level 4 spell: Fulminant Prism
  5112 | D:4      | Found a hide-covered altar of Uskayaw.
  5122 | D:4      | Killed Pikel
  5123 | D:4      | Reached skill level 5 in Spellcasting
  5123 | D:4      | Reached XP level 8. HP: 44/55 MP: 4/15
  5401 | D:4      | Noticed Robin
  5428 | D:4      | Killed Robin
  5678 | D:4      | Reached skill level 5 in Hexes
  5998 | D:4      | Found a staircase to the Ecumenical Temple.
  6123 | Temple   | Entered the Ecumenical Temple
  6445 | D:4      | Found a runed translucent door.
  6446 | D:4      | Noticed Crazy Yiuf
  6549 | D:5      | Entered Level 5 of the Dungeon
  6658 | D:5      | Got a pitted hat
  6695 | D:5      | Found a glowing drain.
  6705 | Sewer    | Entered a sewer
  6811 | Sewer    | Identified the +0 hat "Wouniror" {-Cast Harm Int+3 SInv}
                  | (You found it on level 5 of the Dungeon)
  7023 | Sewer    | Reached XP level 9. HP: 56/62 MP: 7/16
  7189 | D:5      | Found a hide-covered altar of Uskayaw.
  7191 | D:5      | Found a shimmering altar of Xom.
  7191 | D:5      | Found a glowing golden altar of the Shining One.
  7193 | D:5      | Found a broken altar of Ashenzari.
  7193 | D:5      | Found a radiant altar of Vehumet.
  7193 | D:5      | Found a shimmering altar of Xom.
  7329 | D:5      | Found a shadowy altar of Dithmenos.
  7332 | D:5      | Found an iron altar of Okawaru.
  7587 | D:5      | Found a runed translucent gate.
  7681 | D:5      | Found a glowing silver altar of Zin.
  7699 | D:5      | Found a runed translucent gate.
  7699 | D:5      | Found a runed translucent gate.
  7700 | D:5      | Noticed poo4u's ghost (amateur FeTm)
  7800 | D:5      | Killed poo4u's ghost
  7982 | D:6      | Found a hide-covered altar of Uskayaw.
  8406 | D:6      | Found an opulent altar of Gozag.
  8412 | D:6      | Became a worshipper of Gozag Ym Sagoz the Greedy
  9255 | D:7      | Found a stormy altar of Qazlal.
 10200 | D:8      | Noticed a death yak
 10433 | D:8      | Reached XP level 10. HP: 67/72 MP: 0/17
 10660 | D:8      | Reached skill level 5 in Dodging
 10660 | D:8      | Upgraded the game from 0.26.1-2-gb8aa6d0cf2 to
                  | 0.26.1-10-gdfb7c7de75
 11629 | D:8      | Found a basalt altar of Yredelemnul.
 11629 | D:8      | Found a sacrificial altar of Ru.
 11692 | D:8      | Found a snail-covered altar of Cheibriados.
 11734 | D:8      | Noticed a death yak
 11736 | D:8      | Noticed a death yak
 11755 | D:8      | Found a staircase to the Lair.
 12764 | D:7      | Killed a death yak
 13114 | D:8      | Found a broken altar of Ashenzari.
 13305 | D:8      | Found a hazy altar of Hepliaklqana.
 14269 | D:9      | Noticed a two-headed ogre
 14282 | D:9      | Mangled by a two-headed ogre

Illustrated notes

Levels and vault maps discovered:
D:1:      giann_bridges, layout_loops_ring
D:2:      layout_loops_ring, chequers_ecumenical_altar_island
D:3:      layout_basic, serial_glass, glass_columns_a, glass_columns_b
D:4:      layout_basic, lemuel_crystal_altar, kennysheep_little_box,
          minmay_temple_entry_offerings, gup_ossuary_entry_pyramid, uniq_robin,
          uniq_crazy_yiuf_cottage, uniq_pikel
D:5:      layout_cave_pools, lemuel_coloured_pillars_altar, doesnt_xom_only_xom,
          nicolae_overflow_hidden_temple, portal_sewer_entry_a,
          ebering_ghost_rock_garden
D:6:      layout_basic, grunt_gozag_statues, basic_altar
D:7:      layout_basic, nicolae_qazlal_general_emergency
D:8:      layout_rooms, chequers_temple_overflow_statue_of_worship,
          nzn_hepliaklqana_mist_gate, nicolae_overflow_crystal_walls,
          dpeg_lair_monsters, feat_on_display
D:9:      minmay_the_grid_four_pointed_star_mashed
          [minmay_the_grid_triangle_9x9_wacky_v,
          minmay_the_grid_triangle_9x9_shrine,
          minmay_the_grid_triangle_9x9_zippers_vertical,
          minmay_the_grid_triangle_9x9_odd_lines,
          minmay_the_grid_prize_diamond_cup], layout_loops_ring
Temple:   pf_slime_end_temple

Skill      XL: |  1  2  3  4  5  6  7  8  9 10 |
---------------+-------------------------------+-----
Stealth        | 3 4 |  4.0
Conjurations   | 5 6 8 |  8.0
Fighting       | 3 4 5 8 |  8.0
Spellcasting   | 5 |  5.3
Hexes          | 3 6 8 |  8.0
Dodging        | 3 5 |  5.0

Action                   |  1- 3 |  4- 6 |  7- 9 | 10-12 || total
-------------------------+-------+-------+-------+-------++-------
Melee: Short sword       |     5 |    35 |    75 |     4 ||   119
       Constrict         |     2 |     7 |    17 |     1 ||    27
       Tentacles         |     1 |     5 |    16 |     1 ||    23
 Cast: Magic Dart        |    70 |    88 |   193 |    52 ||   403
       Searing Ray       |       |     8 |    23 |    17 ||    48
       Fulminant Prism   |       |       |    27 |    54 ||    81
Evoke: Wand              |       |       |     1 |       ||     1
  Use: Potion            |       |     1 |     1 |       ||     2
       Scroll            |       |       |    12 |     1 ||    13
 Stab: Sleeping          |     1 |       |     1 |       ||     2
       Distracted        |       |     1 |       |       ||     1
       Paralysed         |       |       |     1 |       ||     1
Armor: Skin              |     3 |     4 |     3 |     3 ||    13
Dodge: Dodged            |     5 |    29 |    92 |    31 ||   157
